 Dungeon Crawl Stone Soup version 0.19-a0-1049-g462a813 (webtiles) character file.

111 epen the Grave Robber (level 4, -1/33 (35) HPs)
             Began as a Ghoul Necromancer on July 31, 2016.
             Slain by a goblin
             ... wielding a +0 club
              (3 damage)
             ... on level 3 of the Dungeon.
             The game lasted 00:05:15 (2905 turns).

epen the Grave Robber (Ghoul Necromancer)           Turns: 2905, Time: 00:05:16

HP:   -1/33 (35)    AC:  2    Str: 11    XL:     4   Next: 92%
MP:   4/6           EV: 12    Int: 11    God:
Gold: 101           SH:  0    Dex:  9    Spells: 3 memorised, 3 levels left

rFire  . . .     SeeInvis .       - Unarmed
rCold  + . .     Gourm    .     a - +0 robe
rNeg   + + +     Faith    .     (no shield)
rPois  ∞         Spirit   .     (no helmet)
rElec  .         Dismiss  .     (no cloak)
rCorr  .         Reflect  .     (no gloves)
SustAt .         Harm     .     (no boots)
MR     .....                    (no amulet)
Stlth  ++........               (no ring)
                                (no ring)

@: rotting, not resistant to hostile enchantments, unstealthy
A: rotting body, claws 1, carnivore 3, cold resistance 1, negative energy
resistance 3, slow regeneration 1, torment resistance, unbreathing
a: no special abilities


You were on level 3 of the Dungeon.
You were not hungry.

You visited 1 branch of the dungeon, and saw 3 of its levels.

You collected 101 gold pieces.

Inventory:

Armour
 a - a +0 robe (worn)
Scrolls
 d - a scroll of immolation {unknown}
 e - 3 scrolls of identify {unknown}
 g - a scroll of teleportation {unknown}
 h - a scroll of enchant armour {unknown}
 i - 2 scrolls of enchant weapon {unknown}
 j - a scroll of noise {unknown}
Potions
 f - a potion of lignification {unknown}
 k - a potion of degeneration {unknown}
 l - 2 potions of brilliance {unknown}
 m - a potion of curing {unknown}
 n - a potion of cure mutation {unknown}
Books
 b - a book of Necromancy

   Spells                             Type                      Level
   a - Pain                           Necromancy                   1
   b - Animate Skeleton               Necromancy                   1
   c - Vampiric Draining              Necromancy                   3
   d - Regeneration                   Charms/Necromancy            3
   e - Animate Dead                   Necromancy                   4
   f - Control Undead                 Necromancy                   4
Comestibles
 c - 2 meat rations


   Skills:
 + Level 1.5 Fighting
 + Level 2.1 Dodging
 - Level 2.1 Stealth
 + Level 1.6 Unarmed Combat
 * Level 2.5 Spellcasting
 * Level 4.7 Necromancy


You had 3 spell levels left.
You knew the following spells:

 Your Spells              Type           Power        Failure   Level  Hunger
a - Pain                  Necr           ##..         4%          1    ##.....
b - Animate Skeleton      Necr           N/A          4%          1    ##.....
c - Regeneration          Chrm/Necr      #.........   30%         3    ####...


Dungeon Overview and Level Annotations

Branches:
Dungeon (3/15)

Altars:
Fedhas
Pakellas

Annotations:
D:3 Robin


Innate Abilities, Weirdness & Mutations

Your body is rotting away.
You thrive on raw meat.
You are immune to poison.
You have sharp fingernails.
You are carnivorous and can eat meat at any time.
Your flesh is cold resistant. (rC+)
You are immune to negative energy. (rN+++)
You regenerate slowly when monsters are visible.
You are immune to unholy pain and torment.
You can survive without breathing.


Message History

Unknown command.
You closely miss the goblin.
The goblin is severely wounded.
The goblin closely misses you. The goblin barely misses you.
Robin hits you from afar with a trident.
* * * LOW HITPOINT WARNING * * *
You are too injured to fight recklessly!
The goblin barely misses you. The goblin hits you but does no damage.
The goblin hits you with a club.
* * * LOW HITPOINT WARNING * * *
Robin throws the goblin at you!
* * * LOW HITPOINT WARNING * * *
The goblin hits you with a dagger.
* * * LOW HITPOINT WARNING * * *
Robin roars a battlecry!
The goblins go into a battle-frenzy!
The goblin barely misses you. x2
Robin throws the goblin at you! The goblin closely misses you.
You barely miss the goblin. The goblin hits you with a club.
You die...

................
####......##.#
##..............
#..)..?......#
..##############
#.........#### #.# #....#
#..........# #.###.##.#
#.)...##......
......##.##### ####wg...#
...... ...###...#...#
#...###### ......
...##........####.g.######
......
#####..........g@g.......#
.....
.............####...####.#
.............# #.......
.......####### #...####
.......# ###... .......#
#.... .......# #....#
.......# ....# [......#


You could see a worm, Robin and 3 goblins.

Vanquished Creatures
  Jessica (D:1)
  3 gnolls (D:2)
  An adder (D:2)
  A giant gecko (D:1)
  A ball python (D:1)
  2 giant cockroaches (D:1)
  12 goblins
  5 hobgoblins
  2 jackals (D:1)
  A quokka (D:3)
  A bat (D:1)
  2 giant newts
  4 kobolds
  8 rats
44 creatures vanquished.

Vanquished Creatures (collateral kills)
  A giant gecko (D:1)
1 creature vanquished.

Grand Total: 45 creatures vanquished

Notes
Turn   | Place    | Note
-------+----------+-------------------------------------------
     0 | D:1      | epen the Ghoul Necromancer began the quest for the Orb.
     0 | D:1      | Reached XP level 1. HP: 14/14 MP: 2/2
    95 | D:1      | Reached XP level 2. HP: 9/22 MP: 3/3
   369 | D:1      | Learned a level 1 spell: Animate Skeleton
   499 | D:1      | Reached skill level 1 in Fighting
   531 | D:1      | Reached XP level 3. HP: 28/28 MP: 5/5
   537 | D:1      | Learned a level 3 spell: Regeneration
   630 | D:1      | Reached skill level 1 in Unarmed Combat
  1338 | D:2      | Noticed Jessica
  1417 | D:1      | Killed Jessica
  1417 | D:1      | Reached XP level 4. HP: 7/35 MP: 0/6
  1775 | D:2      | Found an oddly glowing altar of Pakellas.
  1784 | D:2      | Found a blossoming altar of Fedhas.
  2891 | D:3      | Noticed Robin
  2902 | D:3      | HP: 1/33 [goblin/dagger[Robin] (4)]
  2905 | D:3      | Slain by a goblin

Vault maps used:
D:1:      lightli_molten_gateway
D:2:      amethyst_overflow_temple_binary, uniq_jessica
D:3:      ecumenical_altar_2, uniq_robin

Skill      XL: |  1  2  3  4 |
---------------+-------------+-----
Spellcasting   | 2 |  2.5
Fighting       | 1 |  1.5
Unarmed Combat | 1 |  1.6
Dodging        | 2 |  2.1
Stealth        | |  2.1
Necromancy     | |  4.7

Action                   |  1- 3 |  4- 6 || total
-------------------------+-------+-------++-------
Melee: Unarmed           |   111 |    63 ||   174
 Cast: Pain              |    16 |    21 ||    37
       Animate Skeleton  |     4 |     1 ||     5
 Stab: Sleeping          |     3 |     1 ||     4
  Eat: Chunk             |     7 |     7 ||    14
Armor: Robe              |    19 |     6 ||    25
Dodge: Dodged            |    69 |    37 ||   106
